[ AOE2 MATCH · #505507602 ]
UnrankedLithuanians vs Malians
Player's team · LOSS
Rival team · WIN
[ REPLAY ANALYSIS · EXTRACTED FROM THE RECORDED GAME ]
Feudal
9:16
Castle
21:13
Imperial
—
| APM avg | 75.2 |
| APM peak | 125 |
| eAPM avg | 41.7 |
| Villagers / military | 164 / 242 |
Focus
⚔️ 59.9% · 🌾 40.1%
Leitis ×104 · Spearman ×68 · Knight ×31 · Monk ×11 · Battering Ram ×11 · Skirmisher ×7
Feudal
10:32
Castle
20:50
Imperial
37:20
| APM avg | 68.3 |
| APM peak | 96 |
| eAPM avg | 38.2 |
| Villagers / military | 192 / 240 |
Focus
⚔️ 48.2% · 🌾 51.8%
Camel Scout ×92 · Scout Cavalry ×74 · Skirmisher ×23 · Gbeto ×20 · Monk ×11 · Trebuchet (Packed) ×8
Match map
Initial resources + every placement click. Lines = walls · curves = elevation contours. ◆ gold · ⬟ stone · ● berries · ✦ relic · ◌ wall gap
Your base· ✓ Closed at 21:13 · 39t walls · 1 gate(s)
TAG_MbL_'s base· Open — unwalled flank
Smoothed initial terrain · ◌ = detected wall gap · hover for details
Inputs per minute
— TAG_Sitaux - - TAG_MbL_
Build order — TAG_Sitaux
First 150 of 586 actions detected
| 0:01 | Create | Villager (Male) |
| 0:01 | Create | Villager (Male) |
| 0:02 | Build | House |
| 0:02 | Build | House |
| 0:12 | Create | Villager (Male) |
| 0:12 | Create | Villager (Male) |
| 0:12 | Create | Villager (Male) |
| 0:15 | Create | Villager (Male) |
| 0:15 | Create | Villager (Male) |
| 1:24 | Create | Villager (Male) |
| 1:52 | Create | Villager (Male) |
| 1:52 | Create | Villager (Male) |
| 2:05 | Build | Lumber Camp |
| 2:15 | Create | Villager (Male) |
| 2:35 | Create | Villager (Male) |
| 2:35 | Create | Villager (Male) |
| 3:14 | Create | Villager (Male) |
| 3:14 | Create | Villager (Male) |
| 3:31 | Create | Villager (Male) |
| 3:32 | Create | Villager (Male) |
| 3:40 | Build | House |
| 3:53 | Create | Villager (Male) |
| 3:53 | Create | Villager (Male) |
| 4:19 | Build | House |
| 4:30 | Create | Villager (Male) |
| 4:30 | Create | Villager (Male) |
| 4:47 | Build | Palisade Wall |
| 5:17 | Create | Villager (Male) |
| 6:03 | Build | Barracks |
| 6:06 | Create | Villager (Male) |
| 6:36 | Research | Loom |
| 6:45 | Build | Palisade Wall |
| 6:58 | Build | Palisade Wall |
| 7:03 | Research | Feudal Age |
| 7:06 | Build | Palisade Wall |
| 7:10 | Create | Militia |
| 7:17 | Build | Palisade Wall |
| 7:22 | Create | Militia |
| 7:22 | Create | Militia |
| 7:41 | Build | House |
| 8:15 | Build | House |
| 8:54 | Build | Mining Camp |
| 9:16 | Age | Feudal Age |
| 9:18 | Build | Archery Range |
| 9:20 | Create | Villager (Male) |
| 9:24 | Create | Spearman |
| 9:35 | Research | Double-Bit Axe |
| 9:36 | Create | Villager (Male) |
| 10:01 | Create | Villager (Male) |
| 10:11 | Build | Mill |
| 10:12 | Create | Archer |
| 10:22 | Create | Villager (Male) |
| 10:37 | Create | Villager (Male) |
| 10:45 | Create | Archer |
| 10:53 | Build | House |
| 11:02 | Build | Farm |
| 11:13 | Build | Farm |
| 11:16 | Create | Villager (Male) |
| 11:21 | Build | Palisade Wall |
| 11:22 | Build | House |
| 11:23 | Build | Palisade Wall |
| 11:26 | Create | Villager (Male) |
| 11:28 | Build | Palisade Wall |
| 11:34 | Create | Archer |
| 11:50 | Build | Blacksmith |
| 12:03 | Build | Farm |
| 12:17 | Create | Villager (Male) |
| 12:22 | Create | Archer |
| 12:37 | Build | Farm |
| 12:44 | Create | Villager (Male) |
| 12:45 | Build | Farm |
| 12:51 | Create | Villager (Male) |
| 13:03 | Research | Fletching |
| 13:04 | Research | Fletching |
| 13:09 | Build | Farm |
| 13:11 | Build | Farm |
| 13:14 | Create | Villager (Male) |
| 13:14 | Create | Villager (Male) |
| 13:24 | Build | House |
| 13:26 | Create | Skirmisher |
| 13:46 | Create | Villager (Male) |
| 13:46 | Create | Villager (Male) |
| 13:52 | Create | Skirmisher |
| 13:55 | Build | Farm |
| 13:56 | Build | Farm |
| 14:01 | Create | Skirmisher |
| 14:12 | Create | Skirmisher |
| 14:19 | Create | Villager (Male) |
| 14:31 | Create | Skirmisher |
| 14:42 | Create | Villager (Male) |
| 14:52 | Build | Farm |
| 14:53 | Research | Horse Collar |
| 14:53 | Research | Horse Collar |
| 14:54 | Build | Farm |
| 14:57 | Create | Villager (Male) |
| 15:18 | Build | Farm |
| 15:22 | Build | Farm |
| 15:23 | Create | Villager (Male) |
| 15:38 | Create | Villager (Male) |
| 15:40 | Build | Farm |
| 15:47 | Create | Skirmisher |
| 16:00 | Build | Farm |
| 16:16 | Research | Wheelbarrow |
| 16:22 | Create | Skirmisher |
| 16:36 | Build | Farm |
| 16:51 | Create | Spearman |
| 17:03 | Create | Villager (Male) |
| 17:13 | Build | Lumber Camp |
| 17:48 | Create | Archer |
| 18:07 | Create | Villager (Male) |
| 18:12 | Build | House |
| 18:18 | Build | House |
| 18:33 | Research | Castle Age |
| 18:40 | Create | Archer |
| 18:58 | Build | Stable |
| 19:03 | Research | Gold Mining |
| 19:35 | Build | Stable |
| 19:58 | Create | Villager (Male) |
| 20:02 | Create | Spearman |
| 20:07 | Research | Bloodlines |
| 20:08 | Research | Scale Barding Armor |
| 20:08 | Research | Scale Barding Armor |
| 20:32 | Build | Farm |
| 20:40 | Build | Palisade Gate |
| 21:03 | Build | House |
| 21:13 | Age | Castle Age |
| 21:14 | Create | Knight |
| 21:15 | Create | Knight |
| 21:18 | Build | Monastery |
| 21:20 | Research | Bow Saw |
| 21:26 | Research | Forging |
| 21:50 | Create | Knight |
| 21:53 | Create | Knight |
| 22:06 | Create | Knight |
| 22:07 | Create | Monk |
| 22:16 | Create | Villager (Male) |
| 22:21 | Build | Farm |
| 22:22 | Build | Farm |
| 22:23 | Create | Villager (Male) |
| 22:31 | Create | Knight |
| 22:43 | Create | Villager (Male) |
| 22:53 | Create | Knight |
| 22:55 | Create | Villager (Male) |
| 22:57 | Build | Town Center |
| 23:03 | Create | Knight |
| 23:19 | Create | Knight |
| 23:26 | Build | Farm |
| 23:35 | Create | Knight |
| 23:45 | Create | Monk |
| 23:46 | Create | Villager (Male) |
Build order — TAG_MbL_
First 150 of 630 actions detected
| 0:00 | Create | Villager (Male) ×4 |
| 0:01 | Build | House |
| 0:02 | Build | House |
| 1:23 | Create | Villager (Male) |
| 1:53 | Build | Lumber Camp |
| 1:56 | Create | Villager (Male) |
| 2:13 | Create | Villager (Male) |
| 2:44 | Create | Villager (Male) |
| 3:06 | Create | Villager (Male) |
| 3:23 | Create | Villager (Male) |
| 3:41 | Create | Villager (Male) |
| 3:52 | Build | House |
| 4:01 | Create | Villager (Male) |
| 4:23 | Create | Villager (Male) |
| 4:34 | Build | Barracks |
| 4:37 | Create | Villager (Male) |
| 5:01 | Create | Villager (Male) |
| 5:04 | Build | House |
| 5:08 | Build | House |
| 5:20 | Create | Villager (Male) |
| 5:32 | Create | Militia |
| 5:33 | Create | Militia |
| 5:59 | Build | Mill |
| 6:13 | Create | Militia |
| 6:14 | Research | Loom |
| 6:40 | Create | Villager (Male) |
| 6:43 | Build | House |
| 7:00 | Create | Villager (Male) |
| 7:26 | Create | Villager (Male) |
| 7:57 | Create | Villager (Male) |
| 7:59 | Build | Lumber Camp |
| 8:12 | Research | Feudal Age |
| 8:30 | Build | Mining Camp |
| 9:15 | Build | Palisade Gate |
| 9:27 | Build | Farm |
| 9:31 | Build | Farm |
| 9:34 | Create | Militia |
| 9:38 | Build | House |
| 9:43 | Create | Militia |
| 9:53 | Create | Villager (Male) |
| 9:54 | Build | Farm |
| 10:11 | Build | Palisade Wall |
| 10:32 | Age | Feudal Age |
| 10:36 | Create | Villager (Male) |
| 10:38 | Create | Villager (Male) |
| 10:41 | Build | Archery Range |
| 10:57 | Build | Farm |
| 10:58 | Build | Farm |
| 10:59 | Create | Villager (Male) |
| 11:23 | Create | Villager (Male) |
| 11:24 | Build | Farm |
| 11:28 | Create | Archer |
| 11:37 | Create | Archer |
| 11:38 | Create | Archer |
| 11:41 | Research | Double-Bit Axe |
| 11:42 | Create | Villager (Male) |
| 11:54 | Build | House |
| 11:55 | Create | Archer |
| 12:09 | Create | Villager (Male) |
| 12:11 | Create | Skirmisher |
| 12:32 | Build | Blacksmith |
| 12:43 | Create | Villager (Male) |
| 12:44 | Create | Skirmisher |
| 12:51 | Create | Villager (Male) |
| 12:54 | Build | Farm |
| 13:07 | Create | Archer |
| 13:14 | Build | Farm |
| 13:16 | Research | Fletching |
| 13:23 | Build | House |
| 13:28 | Create | Villager (Male) |
| 13:30 | Build | Farm |
| 13:39 | Create | Villager (Male) |
| 13:41 | Build | House |
| 13:56 | Build | Palisade Wall |
| 14:00 | Build | Palisade Wall |
| 14:04 | Create | Villager (Male) |
| 14:45 | Create | Villager (Male) |
| 14:53 | Build | Farm |
| 14:58 | Build | Palisade Gate |
| 14:59 | Build | House |
| 15:11 | Build | House |
| 15:16 | Create | Villager (Male) |
| 15:17 | Build | Farm |
| 15:22 | Build | Farm |
| 15:23 | Build | Farm |
| 15:24 | Build | Farm |
| 15:24 | Build | Farm |
| 15:24 | Build | Farm |
| 15:24 | Build | Farm |
| 15:24 | Build | Farm |
| 15:29 | Create | Villager (Male) |
| 15:41 | Build | Farm |
| 15:41 | Create | Villager (Male) |
| 15:54 | Create | Skirmisher |
| 15:55 | Create | Skirmisher |
| 16:02 | Create | Villager (Male) |
| 16:17 | Build | Farm |
| 16:21 | Create | Villager (Male) |
| 16:30 | Create | Skirmisher |
| 16:32 | Create | Villager (Male) |
| 16:35 | Build | House |
| 16:48 | Create | Villager (Male) |
| 16:55 | Build | Farm |
| 16:57 | Build | Farm |
| 17:01 | Build | Farm |
| 17:01 | Create | Villager (Male) |
| 17:12 | Create | Skirmisher |
| 17:15 | Create | Villager (Male) |
| 17:22 | Create | Skirmisher |
| 18:08 | Build | Stable |
| 18:10 | Research | Castle Age |
| 18:18 | Create | Skirmisher |
| 18:36 | Build | Farm |
| 18:37 | Build | Farm |
| 18:42 | Research | Padded Archer Armor |
| 18:44 | Research | Horse Collar |
| 18:53 | Create | Skirmisher |
| 18:54 | Create | Skirmisher |
| 19:03 | Research | Gold Mining |
| 19:07 | Create | Skirmisher |
| 19:13 | Create | Scout Cavalry |
| 19:21 | Create | Villager (Male) |
| 19:32 | Create | Skirmisher |
| 19:32 | Create | Skirmisher |
| 19:44 | Create | Scout Cavalry |
| 20:21 | Create | Skirmisher |
| 20:24 | Build | Farm |
| 20:36 | Create | Villager (Male) |
| 20:44 | Build | Farm |
| 20:50 | Age | Castle Age |
| 20:52 | Create | Knight |
| 20:55 | Build | Town Center |
| 20:55 | Create | Villager (Male) |
| 20:58 | Build | Town Center |
| 21:04 | Research | Bow Saw |
| 21:06 | Create | Knight |
| 21:23 | Create | Villager (Male) |
| 21:23 | Build | Farm |
| 21:24 | Create | Villager (Male) |
| 21:48 | Create | Camel Scout |
| 21:48 | Create | Camel Scout |
| 22:04 | Create | Villager (Male) |
| 22:07 | Create | Skirmisher |
| 22:07 | Create | Skirmisher |
| 22:15 | Create | Villager (Male) |
| 22:17 | Build | Monastery |
| 22:21 | Build | Farm |
| 22:23 | Build | Farm |
| 22:24 | Build | Farm |
| 22:28 | Create | Villager (Male) |
Match timeline
| 4:34 | TAG_MbL_ · first_building Barracks |
| 4:47 | TAG_Sitaux · wall_segment Palisade Wall x7 |
| 6:03 | TAG_Sitaux · first_building Barracks |
| 6:45 | TAG_Sitaux · wall_segment Palisade Wall x5 |
| 6:58 | TAG_Sitaux · wall_segment Palisade Wall x5 |
| 7:06 | TAG_Sitaux · wall_segment Palisade Wall x7 |
| 7:17 | TAG_Sitaux · wall_segment Palisade Wall x11 |
| 9:16 | TAG_Sitaux · age_up feudal |
| 9:18 | TAG_Sitaux · first_building Archery Range |
| 10:11 | TAG_MbL_ · wall_segment Palisade Wall x1 |
| 10:32 | TAG_MbL_ · age_up feudal |
| 10:41 | TAG_MbL_ · first_building Archery Range |
| 11:21 | TAG_Sitaux · wall_segment Palisade Wall x1 |
| 11:23 | TAG_Sitaux · wall_segment Palisade Wall x1 |
| 11:28 | TAG_Sitaux · wall_segment Palisade Wall x2 |
| 13:56 | TAG_MbL_ · wall_segment Palisade Wall x8 |
| 14:00 | TAG_MbL_ · wall_segment Palisade Wall x11 |
| 18:08 | TAG_MbL_ · first_building Stable |
| 18:58 | TAG_Sitaux · first_building Stable |
| 20:50 | TAG_MbL_ · age_up castle |
| 21:13 | TAG_Sitaux · age_up castle |
| 21:18 | TAG_Sitaux · first_building Monastery |
| 22:17 | TAG_MbL_ · first_building Monastery |
| 31:18 | TAG_Sitaux · first_building Castle |
| 32:51 | TAG_Sitaux · first_market_buy 100 stone |
| 36:29 | TAG_MbL_ · first_building Castle |
| 36:32 | TAG_Sitaux · first_building Siege Workshop |
| 37:20 | TAG_MbL_ · age_up imperial |
| 38:04 | TAG_Sitaux · first_market_sell 100 wood |
| 38:44 | TAG_Sitaux · wall_segment Palisade Wall x1 |
| 38:45 | TAG_Sitaux · wall_segment Palisade Wall x1 |
| 43:24 | TAG_Sitaux · wall_segment Palisade Wall x1 |
| 45:46 | TAG_MbL_ · wall_segment Stone Wall x1 |
| 45:48 | TAG_MbL_ · wall_segment Stone Wall x1 |
| 45:54 | TAG_MbL_ · wall_segment Stone Wall x1 |
| 47:00 | TAG_MbL_ · wall_segment Stone Wall x1 |
| 47:01 | TAG_MbL_ · wall_segment Stone Wall x1 |
| 47:18 | TAG_MbL_ · first_market_sell 100 wood |
| 47:19 | TAG_MbL_ · first_market_buy 100 stone |
| 49:17 | TAG_Sitaux · resign |
[ AI ANALYSIS · 1 CREDIT ]
What really happened in this match?
Wolo.gg analyzes every decision: build order, eco, micro, common mistakes by bracket. Personalized analysis on WhatsApp or Discord in 30 seconds.
Civ guide
Lithuanians
Perfil
Jugador #212721